 Seeded DCSS version 0.30.0-13-g156ef70053 (webtiles) character file.

Game seed: 5 (custom seed)

1214 Kazon the Covert (level 8, 0/52 HPs)
             Began as an Octopode Brigand on May 17, 2023.
             Was a Priest of Okawaru.
             Slain by an iguana (6 damage)
             ... on level 6 of the Dungeon.
             The game lasted 00:14:53 (3594 turns).

Kazon the Covert (Octopode Brigand)                 Turns: 3594, Time: 00:14:54

Health: 0/52       AC:  1    Str: 12    XL:     8   Next: 46%
Magic:  0/19       EV:  9    Int: 13    God:    Okawaru [***...]
Gold:   220        SH: 14    Dex: 20    Spells: 7/7 levels left

rFire   . . .        d - +0 quick blade (venom)
rCold   . . .        c - +0 tower shield
rNeg    . . .        (helmet restricted)
rPois   .            A - amulet of guardian spirit
rElec   .            t - ring of magical power
rCorr   .            y - +6 ring of dexterity
SInv    .            (no ring)
Will    .....        (no ring)
Stlth   ++++++       (no ring)
HPRegen 0.28/turn    (no ring)
MPRegen 0.16/turn    (no ring)
                     (no ring)

%: guardian spirit
@: no status effects
A: almost no armour, amphibious, 8 rings, camouflage 1, gelatinous body 1,
(nimble swimmer 1), tentacles
a: Renounce Religion, Heroism


You were on level 6 of the Dungeon.
You worshipped Okawaru.
Okawaru was most pleased with you.
You visited 2 branches of the dungeon, and saw 7 of its levels.

You collected 220 gold pieces.

Inventory:

Hand Weapons
 a - a +2 dagger
 d - a +0 quick blade of venom (weapon)
 p - a +2 vampiric dagger
Missiles
 b - 11 poisoned darts (quivered)
 g - 18 stones
 i - 3 curare-tipped darts
 j - 3 boomerangs
Armour
 c - a +0 tower shield (worn)
Jewellery
 t - a ring of magical power (left tentacle)
 y - a +6 ring of dexterity (right tentacle)
 A - an amulet of guardian spirit (around mantle)
Wands
 w - a wand of paralysis (8)
Scrolls
 f - a scroll of blinking {unknown}
 l - 2 scrolls of teleportation {unknown}
 m - 2 scrolls of magic mapping {unknown}
 n - a scroll of summoning {unknown}
 o - 2 scrolls of identify {unknown}
 u - a scroll of torment {unknown}
 v - a scroll of amnesia {unknown}
 C - a scroll of poison {unknown}
Potions
 e - a potion of magic {unknown}
 h - a potion of resistance {unknown}
 k - 2 potions of curing
 q - 3 potions of flight
 r - a potion of berserk rage {unknown}
 s - a potion of invisibility
 x - 2 potions of heal wounds {unknown}
 z - a potion of lignification {unknown}
 B - a potion of attraction {unknown}


   Skills:
 + Level 3.2 Fighting
 + Level 4.1 Short Blades
 + Level 3.2 Throwing
 + Level 2.6 Dodging
 + Level 10.0 Stealth
 + Level 2.5 Shields
 * Level 3.6 Invocations
 * Level 2.2 Evocations


You had 7 spell levels left.
You didn't know any spells.
Your spell library contained the following spells:

 Spells                   Type           Power      Damage    Failure   Level
 Frozen Ramparts          Ice            0%         1d1       100%        3
 Ignite Poison            Fire/Tmut/Pois 0%         N/A       100%        3
 Ice Form                 Ice/Tmut       0%         N/A       100%        4
 Sticky Flame             Conj/Fire      0%         2d3       100%        4
 Eringya's Noxious Bog    Tmut/Pois      0%         N/A       100%        6
 Ignition                 Fire           0%         3d3       100%        8
 Summon Ice Beast         Ice/Summ       Unusable   N/A       N/A         4
 Summon Forest            Summ/Tloc      Unusable   N/A       N/A         5
 Summon Hydra             Summ           Unusable   N/A       N/A         7

Dungeon Overview and Level Annotations

Branches:
Dungeon (6/15)             Temple (1/1) D:4

Altars:
Dithmenos
Fedhas
Hepliaklqana
Okawaru
Qazlal
Trog
Uskayaw
Wu Jian
Xom
The Shining One


Innate Abilities, Weirdness & Mutations

You cannot wear most types of armour.
You are amphibious.
You can wear up to eight rings at the same time.
Your skin changes colour to match your surroundings (Stealth+).
Your rubbery body absorbs attacks. (AC +1, EV +1)
((You are camouflaged when in or above water. (Stealth+)))
You have tentacles for arms and can constrict up to eight enemies at once.


Message History

The orc wizard hits you with a +2 dagger of holy wrath.
The orc wizard hits you with a +0 dagger.
You hit the orc wizard.
The orc wizard looks as sick as possible!
The orc wizard is almost dead.
You constrict the orc wizard.
You kill the orc wizard!
Okawaru accepts your kill.
An ufetubus comes into view.
The orc wizard hits you with a +0 dagger.
The iguana bites you!
The orc priest looks encouraged for a moment.
You barely miss the orc wizard. You grab the orc wizard.
You constrict the orc wizard, but do no damage.
You block the iguana's attack. You block the orc wizard's attack.
You hit the iguana.
The iguana is poisoned.
You grab the iguana.
The iguana is lightly wounded.
You constrict the orc wizard. You constrict the iguana.
You block the iguana's attack.
The orc wizard hits you with a +0 dagger.
* * * LOW HITPOINT WARNING * * *
Unknown command.
You hit the orc wizard.
The orc wizard is heavily wounded.
You constrict the orc wizard. You constrict the iguana. The iguana bites you.
* * * LOW HITPOINT WARNING * * *
The orc priest calls upon Beogh to heal the orc wizard.
The orc wizard is healed somewhat.
The orc wizard casts a spell at you. You resist with some effort.
You hit the iguana but do no damage.
The iguana looks as sick as possible!
You tentacle-slap the iguana, but do no damage.
The iguana is heavily wounded.
You constrict the orc wizard. You constrict the iguana. The iguana bites you!
* * * LOW HITPOINT WARNING * * *
The orc wizard barely misses you.
You hit the orc wizard.
The orc wizard is severely wounded.
You constrict the orc wizard. You constrict the iguana. The iguana bites you!
You die...

#.....#...........
#.#.#...#......... #
#.#.###.#......... ..
#.#.# #.##.####### .^.#
#.#.# #.##.#######
_....###.#.###.##........
^..#...........###)......
......oo)........'.>.....
..##..5l@...######.......
########## #.......
#....... #.......
#....... #.......
#####....... #......#####
#.....##


You could see an iguana (extremely poisoned), an orc priest, an orc wizard and
an ufetubus.

Vanquished Creatures
  Sigmund (D:4)
  Duvessa (D:6)
  2 black bears (D:4)
  An ogre (D:5)
  2 scorpions
  Dowan (D:6)
  4 hounds
  A jelly (D:5)
  5 iguanas
  An orc wizard (D:6)
  4 gnolls (D:5)
  9 adders
  An ufetubus (D:4)
  3 worms
  8 orcs
  4 bats
  9 endoplasms
  A giant cockroach (D:1)
  12 goblins
  7 hobgoblins
  11 jackals
  3 kobolds
  3 quokkas (D:4)
  6 ball pythons
  3 frilled lizards
  4 rats
107 creatures vanquished.

Notes
Turn   | Place    | Note
-------+----------+-------------------------------------------
     0 | D:1      | Kazon the Octopode Brigand began the quest for the Orb.
     0 | D:1      | Reached XP level 1. HP: 14/14 MP: 1/1
    43 | D:1      | Identified a scroll of acquirement
    43 | D:1      | Acquired a +0 quick blade of venom
    61 | D:1      | Reached XP level 2. HP: 19/19 MP: 2/2
   128 | D:1      | Reached skill level 6 in Stealth
   303 | D:1      | Reached XP level 3. HP: 24/24 MP: 3/3
  1038 | D:2      | Reached XP level 4. HP: 24/29 MP: 4/4
  1142 | D:2      | Reached skill level 7 in Stealth
  1700 | D:3      | Found a stormy altar of Qazlal.
  1774 | D:3      | Found a faded altar of an unknown god.
  1949 | D:3      | Found a blossoming altar of Fedhas.
  1974 | D:3      | Reached XP level 5. HP: 35/35 MP: 5/5
  2074 | D:3      | Identified the +2 sling "Qeuhanocyt" {speed, rElec Str-3
                  | Dex+2}
  2217 | D:4      | Found a staircase to the Ecumenical Temple.
  2225 | Temple   | Entered the Ecumenical Temple
  2237 | Temple   | Became a worshipper of Warmaster Okawaru
  2441 | D:4      | Reached skill level 1 in Invocations
  2512 | D:4      | Reached XP level 6. HP: 41/41 MP: 6/6
  2514 | D:4      | Noticed a black bear
  2521 | D:4      | Killed a black bear
  2521 | D:4      | Reached * piety under Okawaru
  2522 | D:4      | Reached skill level 8 in Stealth
  2522 | D:4      | Reached skill level 1 in Shields
  2663 | D:4      | Noticed a black bear
  2679 | D:4      | Killed a black bear
  2694 | D:4      | Noticed Sigmund
  2703 | D:4      | Killed Sigmund
  2703 | D:4      | Reached ** piety under Okawaru
  2704 | D:4      | Reached XP level 7. HP: 37/45 MP: 8/8
  2752 | D:4      | Found a hazy altar of Hepliaklqana.
  2753 | D:4      | Found a shadowy altar of Dithmenos.
  2753 | D:4      | Noticed a shadow
  2958 | D:5      | Entered Level 5 of the Dungeon
  3001 | D:5      | Reached skill level 9 in Stealth
  3101 | D:5      | Reached skill level 1 in Evocations
  3116 | D:5      | Reached XP level 8. HP: 52/52 MP: 10/10
  3437 | D:6      | Noticed Dowan
  3439 | D:6      | Noticed Duvessa
  3447 | D:6      | Killed Dowan
  3458 | D:6      | Killed Duvessa
  3492 | D:6      | Reached *** piety under Okawaru
  3579 | D:6      | Found a shimmering altar of Xom.
  3588 | D:6      | Reached skill level 10 in Stealth
  3594 | D:6      | Slain by an iguana

Illustrated notes

Levels and vault maps discovered:
D:1:      ebering_trefoil_3fold, layout_basic, st_stairs_14, serial_bayou_ford_a
D:2:      layout_basic, hangedman_decor_growths, minmay_close_crescents
D:3:      layout_rooms, mainiacjoe_overflow_concentric_impassable,
          mainiacjoe_overflow_paths, shapermc_ecumenical_altar_acropolis,
          chequers_serial_rivers_micro_b
D:4:      layout_basic, riverfiend_overflow_shadow_ancestor,
          minmay_temple_entry_glass, uniq_sigmund
D:5:      layout_gridville
D:6:      layout_basic, xom_teletrap_fun, uniq_duvessa
Temple:   nicolae_temple_elliptical

Skill      XL: |  1  2  3  4  5  6  7  8 |
---------------+-------------------------+-----
Stealth        | 6 7 8 9 10 | 10.0
Invocations    | 1 2 3 |  3.6
Short Blades   | 3 4 |  4.1
Shields        | 1 2 |  2.5
Dodging        | 2 |  2.6
Throwing       | 3 |  3.2
Evocations     | 1 2 |  2.2
Fighting       | 3 |  3.2

Action                     |  1- 3 |  4- 6 |  7- 9 || total
---------------------------+-------+-------+-------++-------
  Melee: Dagger            |    10 |       |       ||    10
         Constrict         |    19 |    18 |    17 ||    54
         Quick blade       |    71 |    82 |    74 ||   227
         Tentacles         |    19 |    11 |    14 ||    44
         Punch             |     1 |       |     1 ||     2
  Throw: Dart              |     3 |     5 |     3 ||    11
         Stone             |     1 |     8 |    11 ||    20
    Use: Scroll            |     3 |       |       ||     3
         Potion            |       |       |     3 ||     3
   Stab: Sleeping          |     7 |    12 |     4 ||    23
         Distracted        |       |     1 |     1 ||     2
         Invisible         |       |       |     3 ||     3
 Armour: Skin              |     3 |     4 |     2 ||     9
  Dodge: Dodged            |    20 |    15 |    11 ||    46
  Block: Tower shield      |    12 |    30 |    38 ||    80
